Map: Triton LE

Players

TLO

  • Race: Zerg Zerg
  • Spawn Location: 5:00

ArT - Winner!

  • Race: Protoss Protoss
  • Spawn Location: 11:00

Event: IEM Katowice 2020

VOD

Have the link to the VOD?

Description

Time

  • Played on: Feb. 24, 2020, 10:53 a.m.
  • Length: 14:35

All games in this series

Show
View Real Time Build Order
Export as new Build Order

TLO Zerg 

Build Orders: Hatch First, Roach Hydra 

Get SALT Encoding   

  12  0:00  Drone  
  13  0:13  Overlord  
  13  0:16  Drone  
  14  0:31  Drone x2  
  16  0:48  Hatchery  
  15  0:51  Drone  
  15  0:54  Drone  
  17  0:58  Drone  
  18  1:04  Extractor  
  17  1:15  Spawning Pool  
  17  1:18  Drone  
  17  1:20  Drone  
  18  1:29  Drone  
  19  1:39  Drone  
  20  1:50  Drone  
  21  2:00  Overlord  
  21  2:01  Queen  
  21  2:02  Queen  
  21  2:03  Zergling x2  
  21  2:07  Metabolic Boost  
  26  2:11  Drone  
  26  2:13  Drone  
  28  2:22  Drone x2  
  30  2:35  Hatchery  
  29  2:37  Drone  
  29  2:44  Queen  
  30  2:48  Overlord  
  32  2:52  Overlord  
  32  3:08  Zergling x4  
  32  3:10  Zergling x2  
  32  3:11  Drone  
  32  3:12  Drone  
  36  3:13  Drone  
  36  3:14  Zergling x2, Drone x2  
  36  3:15  Zergling x2  
  41  3:21  Queen  
  41  3:26  Overlord  
  43  3:32  Drone  
  43  3:33  Spore Crawler  
  43  3:38  Overlord  
  43  3:39  Drone  
  44  3:46  Drone x2  
  44  3:47  Queen  
  48  3:49  Drone  
  48  3:52  Drone  
  48  3:53  Drone  
  51  3:55  Drone  
  51  3:56  Drone  
  51  4:00  Drone  
  51  4:02  Drone  
  54  4:06  Spore Crawler  
  54  4:08  Spore Crawler, Drone  
  54  4:09  Drone  
  54  4:13  Drone  
  54  4:15  Drone  
  56  4:22  Roach Warren  
  56  4:23  Drone x2  
  57  4:25  Drone  
  57  4:26  Drone  
  57  4:28  Drone  
  57  4:29  Drone  
  61  4:32  Drone  
  61  4:33  Drone, Overlord  
  61  4:38  Extractor x2  
  61  4:40  Lair  
  61  4:41  Drone  
  61  4:43  Drone  
  61  4:44  Drone  
  62  4:53  Drone x2  
  62  4:58  Drone x2  
  62  4:59  Extractor  
  65  5:02  Overlord  
  65  5:04  Drone x3  
  65  5:05  Drone x2  
  70  5:09  Zergling x2  
  70  5:10  Roach  
  72  5:16  Drone x4  
  72  5:17  Overlord  
  73  5:21  Drone  
  73  5:23  Drone  
  73  5:27  Evolution Chamber  
  73  5:28  Overlord  
  73  5:29  Roach  
  73  5:30  Roach, Overlord  
  77  5:37  Roach  
  77  5:38  Roach x2  
  77  5:40  Roach, Drone  
  77  5:42  Glial Reconstitution  
  83  5:45  Roach  
  83  5:47  Roach  
  83  5:48  Overseer  
  86  5:56  Spire, Extractor  
  84  5:57  Extractor  
  84  5:59  Roach  
  84  6:00  Roach  
  87  6:05  Drone  
  87  6:06  Drone  
  87  6:08  Drone x6  
  92  6:14  Drone  
  92  6:15  Drone x2  
  92  6:16  Drone  
  96  6:26  Drone  
  96  6:27  Overlord  
  96  6:29  Overlord  
  97  6:34  Zergling x4  
  99  6:48  Hatchery  
  98  7:02  Overlord  
  98  7:07  Mutalisk x11  
  120  7:12  Drone  
  121  7:16  Overlord x2  
  121  7:17  Hydralisk Den  
  121  7:20  Overlord  
  120  7:25  Zergling x2  
  120  7:26  Zergling x4  
  120  7:28  Roach  
  119  7:30  Roach  
  119  7:32  Hatchery, Roach, Zerg Missile Weapons Level 1  
  119  7:33  Roach  
  119  7:34  Roach  
  119  7:36  Roach  
  128  7:37  Drone x2  
  128  7:41  Drone x2  
  132  7:45  Drone, Evolution Chamber  
  132  7:54  Overlord  
  132  7:57  Muscular Augments  
  132  7:58  Hydralisk x5  
  132  8:03  Hydralisk  
  140  8:18  Hydralisk x2  
  140  8:19  Hydralisk x4  
  144  8:23  Hydralisk  
  144  8:24  Hydralisk  
  144  8:26  Drone  
  147  8:28  Hydralisk  
  147  8:29  Extractor x2  
  147  8:31  Hydralisk  
  147  8:32  Drone x2  
  147  8:33  Drone x5  
  156  8:35  Hydralisk  
  156  8:39  Hydralisk  
  160  8:47  Zerg Ground Armor Level 1  
  160  8:50  Overlord  
  160  8:51  Hydralisk  
  160  8:52  Hydralisk  
  164  9:00  Hydralisk  
  164  9:02  Infestation Pit  
  165  9:03  Hydralisk  
  165  9:06  Hydralisk  
  165  9:08  Overlord x3  
  165  9:09  Roach, Grooved Spines  
  170  9:10  Ravager  
  170  9:13  Overlord  
  170  9:14  Roach  
  172  9:18  Roach x2  
  172  9:21  Hydralisk x2  
  172  9:23  Overlord  
  179  9:27  Roach  
  179  9:29  Overlord  
  179  9:30  Roach  
  182  9:32  Zerg Missile Weapons Level 2  
  182  9:34  Roach  
  182  9:35  Roach  
  186  9:39  Overlord  
  186  9:49  Roach x3  
  186  9:51  Roach x2  
  196  9:58  Roach x2  
  199  10:04  Roach  
  199  10:08  Roach  
  199  10:09  Roach  
  169  10:15  Roach x12  
  169  10:17  Roach  
  169  10:19  Roach  
  169  10:20  Roach  
  181  10:25  Hive  
  181  10:36  Ravager x5  
  181  10:42  Roach  
  188  10:50  Hatchery  
  188  10:52  Roach  
  188  10:55  Roach  
  186  11:00  Roach  
  186  11:01  Roach  
  186  11:03  Roach  
  180  11:04  Hydralisk  
  180  11:05  Hydralisk x2  
  180  11:07  Hydralisk x6  
  180  11:09  Hydralisk  
  186  11:14  Roach  
  186  11:16  Hydralisk x2  
  182  11:25  Hydralisk x4  
  150  11:30  Roach x2  
  146  11:32  Roach  
  146  11:34  Roach  
  146  11:36  Roach  
  146  11:37  Roach  
  142  11:40  Greater Spire  
  142  11:43  Roach x2, Drone  
  142  11:44  Drone  
  142  11:46  Ravager  
  147  11:48  Drone x3  
  144  11:54  Zerg Missile Weapons Level 3  
  144  11:55  Hydralisk  
  144  11:57  Overseer, Roach  
  144  12:00  Drone  
  149  12:04  Drone  
  150  12:08  Overseer  
  150  12:21  Corruptor x3  
  150  12:22  Corruptor x2  
  158  12:23  Overseer  
  158  12:27  Corruptor x2  
  158  12:29  Hydralisk x2  
  166  12:32  Hydralisk  
  166  12:35  Hydralisk  
  165  12:39  Pneumatized Carapace  
  165  12:40  Hydralisk x2  
  165  12:42  Roach  
  170  12:45  Roach, Hydralisk  
  172  12:53  Overseer  
  172  12:58  Overlord  
  170  13:31  Brood Lord x6  
  170  13:32  Overlord  
  178  13:36  Zergling x2  
  178  13:37  Zergling x42  
  178  13:40  Overlord  
  178  13:41  Overseer x2  
  196  13:47  Roach  
  196  13:48  Roach x2  
  194  13:50  Overseer x3, Roach x2  
  194  13:53  Roach  
  194  13:54  Roach  
  197  13:57  Roach  
  197  13:58  Roach  
  197  14:01  Overseer  
  196  14:09  Overseer x3  
  190  14:12  Overseer  
  190  14:16  Roach x3  
Show
View Real Time Build Order
Export as new Build Order

ArT Protoss - Winner!

Build Orders: 1 Gate Expand, Oracle Opening, Chargelot Immortal 

Get SALT Encoding   

  12  0:00  Probe  
  13  0:12  Probe  
  14  0:18  Pylon  
  14  0:25  Probe (Chrono Boost)  
  15  0:37  Probe (Chrono Boost)  
  15  0:39  Gateway  
  16  0:45  Probe (Chrono Boost)  
  16  0:47  Assimilator  
  17  0:51  Probe  
  18  1:03  Probe  
  19  1:15  Probe  
  20  1:26  Nexus  
  20  1:36  Cybernetics Core  
  20  1:39  Probe  
  21  1:46  Assimilator  
  21  1:51  Probe  
  22  1:55  Pylon  
  22  2:03  Probe  
  23  2:11  Probe, Stalker (Chrono Boost)  
  23  2:13  Warp Gate  
  26  2:19  Probe  
  26  2:28  Stargate  
  27  2:31  Probe (Chrono Boost)  
  27  2:35  Adept  
  30  2:39  Probe (Chrono Boost)  
  32  2:47  Probe (Chrono Boost)  
  32  2:48  Probe (Chrono Boost)  
  33  2:53  Probe  
  33  2:54  Probe  
  35  3:05  Probe  
  36  3:08  Probe  
  36  3:09  Oracle (Chrono Boost)  
  39  3:17  Probe  
  40  3:20  Pylon  
  40  3:22  Probe, Robotics Facility  
  41  3:29  Probe  
  41  3:31  Assimilator  
  41  3:33  Assimilator  
  42  3:35  Probe  
  43  3:42  Probe  
  43  3:45  Oracle  
  43  3:47  Probe  
  48  3:51  Pylon  
  48  3:54  Probe  
  49  3:59  Probe  
  49  4:01  Adept  
  52  4:06  Probe  
  52  4:07  Warp Prism (Chrono Boost)  
  53  4:11  Probe  
  56  4:17  Pylon  
  56  4:18  Probe  
  56  4:23  Probe, Gateway  
  58  4:29  Sentry  
  58  4:30  Probe  
  61  4:34  Gateway  
  61  4:35  Gateway  
  61  4:36  Observer (Chrono Boost)  
  62  4:39  Probe  
  62  4:42  Pylon  
  63  4:52  Immortal (Chrono Boost)  
  63  4:53  Sentry  
  69  5:19  Immortal (Chrono Boost)  
  73  5:22  Sentry  
  73  5:24  Sentry  
  73  5:26  Probe, Pylon  
  73  5:27  Pylon  
  78  5:36  Nexus  
  78  5:37  Pylon  
  78  5:44  Probe  
  79  5:52  Immortal (Chrono Boost)  
  79  5:54  Probe, Pylon  
  84  5:57  Probe  
  84  5:58  Forge  
  84  5:59  Zealot, Twilight Council  
  84  6:00  Zealot  
  84  6:03  Observer  
  89  6:06  Probe  
  90  6:16  Stalker x2  
  90  6:18  Gateway  
  94  6:19  Gateway  
  94  6:26  Pylon  
  94  6:30  Immortal (Chrono Boost)  
  98  6:34  Probe x2  
  98  6:39  Protoss Ground Weapons Level 1  
  100  6:40  Charge  
  100  6:46  Probe  
  101  6:51  Shield Battery  
  101  6:52  Shield Battery  
  101  6:53  Sentry x2  
  105  6:54  Shield Battery  
  105  6:57  Stalker  
  107  7:03  Probe x2  
  107  7:04  Probe  
  107  7:05  Phoenix (Chrono Boost)  
  112  7:13  Pylon  
  112  7:15  Probe x2  
  114  7:16  Probe  
  114  7:17  Photon Cannon  
  114  7:21  Phoenix (Chrono Boost), Assimilator  
  114  7:22  Assimilator  
  115  7:27  Probe x2  
  119  7:32  Probe  
  119  7:33  Stargate  
  119  7:36  Photon Cannon  
  120  7:39  Probe  
  120  7:40  Phoenix (Chrono Boost)  
  123  7:45  Probe  
  123  7:46  Probe  
  125  7:51  Probe, Pylon  
  125  7:57  Stalker x3  
  125  7:58  Phoenix (Chrono Boost), Stalker  
  130  8:06  Stalker  
  130  8:09  Shield Battery  
  128  8:16  Probe  
  127  8:20  Probe  
  127  8:21  Fleet Beacon  
  127  8:24  Templar Archives  
  127  8:26  Probe  
  129  8:28  Probe  
  129  8:29  Pylon, Immortal (Chrono Boost)  
  129  8:33  Pylon  
  130  8:42  Blink, Psionic Storm  
  130  8:44  Gateway  
  130  8:45  Gateway  
  130  8:49  Photon Cannon  
  130  8:52  Protoss Ground Weapons Level 2 (Chrono Boost)  
  130  8:58  Immortal (Chrono Boost)  
  132  9:03  High Templar  
  134  9:15  Observer  
  134  9:18  High Templar  
  134  9:22  Nexus  
  136  9:25  High Templar  
  136  9:28  Pylon  
  136  9:30  High Templar  
  140  9:33  Photon Cannon  
  140  9:34  Zealot x2  
  140  9:35  Photon Cannon  
  140  9:36  Shield Battery  
  144  9:41  Observer (Chrono Boost)  
  144  9:47  Photon Cannon  
  144  9:48  Zealot, Shield Battery  
  144  9:50  Mothership (Chrono Boost), Pylon  
  146  9:53  Zealot x3  
  146  9:57  Probe x2 (Chrono Boost)  
  151  10:05  Zealot x4  
  165  10:13  Archon  
  155  10:18  Zealot x4  
  155  10:26  High Templar x3  
  161  10:30  Warp Prism (Chrono Boost)  
  161  10:34  Nexus  
  163  10:37  Pylon  
  163  10:51  Immortal  
  152  11:10  High Templar x2, Zealot x3, Nexus  
  152  11:11  Zealot x3  
  138  11:29  Immortal  
  124  11:32  Zealot x3  
  124  11:33  Zealot x3  
  130  11:43  High Templar  
  130  11:44  High Templar  
  130  11:45  Probe  
  130  11:46  Protoss Ground Weapons Level 3 (Chrono Boost), Robotics Facility  
  135  11:52  Pylon  
  135  11:54  Probe x2  
  135  11:58  Sentry x2  
  135  12:00  Pylon  
  141  12:05  Zealot x2  
  141  12:06  Immortal (Chrono Boost)  
  141  12:07  Dark Shrine  
  149  12:11  Assimilator  
  149  12:15  Assimilator  
  149  12:19  Photon Cannon  
  147  12:30  High Templar x2, Zealot x6  
  147  12:36  Archon  
  162  12:39  Warp Prism (Chrono Boost)  
  168  12:52  Immortal (Chrono Boost)  
  168  12:55  Stalker x5  
  176  13:04  High Templar x2  
  176  13:05  Zealot  
  178  13:08  Immortal (Chrono Boost)  
  178  13:09  Archon  
  182  13:19  Stalker x3  
  188  13:22  Zealot  
  188  13:25  Dark Templar  
  192  13:33  Dark Templar  
  182  13:49  Stalker x3  
  186  13:56  Stalker  
  186  13:58  Pylon  
  186  14:00  Pylon  
  186  14:02  Pylon  
  162  14:19  Stalker x4  
  162  14:20  Stalker x4  

Tags
 
Add a new tag
Caveats
  • Supply blocks, unpowered buildings, or Contaminate may cause inaccurate times.
  • Supply counts are checked every 10 seconds.